Map: Sanctuary III LE

Players

HeroMarine - Winner!

  • Race: Terran Terran
  • Spawn Location: 7:00

Shino

  • Race: Zerg Zerg
  • League: Grandmaster
  • Spawn Location: 1:00

Event: HomeStory Cup XXIX

VOD

Have the link to the VOD?

Description

Time

  • Played on: July 3, 2026, 6:30 a.m.
  • Length: 15:18

All games in this series

Show
View Real Time Build Order
Export as new Build Order

HeroMarine Terran - Winner!

Build Orders: Reaper Expand 

Get SALT Encoding   

  8  0:00  SCV  
  9  0:12  SCV  
  10  0:24  SCV  
  10  0:28  Supply Depot  
  11  0:36  SCV  
  12  0:48  SCV  
  13  0:54  Barracks  
  13  1:00  Refinery  
  13  1:05  SCV  
  14  1:18  SCV  
  15  1:30  SCV  
  16  1:42  Orbital Command  
  16  1:43  Reaper  
  17  2:09  Command Center  
  17  2:13  SCV  
  18  2:16  Reaper  
  19  2:24  Supply Depot  
  19  2:25  SCV  
  20  2:37  SCV  
  21  2:48  Factory  
  21  2:49  SCV  
  22  3:02  SCV  
  23  3:11  Command Center  
  23  3:14  SCV  
  23  3:17  Barracks Reactor  
  24  3:25  Orbital Command  
  24  3:27  SCV  
  25  3:35  Barracks  
  25  3:39  SCV  
  26  3:51  SCV x2  
  28  3:59  Barracks Tech Lab  
  28  4:00  Hellion x2  
  32  4:03  SCV  
  32  4:04  SCV  
  32  4:09  Refinery  
  34  4:15  SCV  
  34  4:16  SCV  
  36  4:18  Stimpack, Marine  
  37  4:26  Orbital Command, Starport  
  37  4:28  SCV x2  
  39  4:31  Marine  
  39  4:32  Marine  
  39  4:36  Marine, Factory Reactor  
  42  4:40  SCV x2  
  42  4:43  Supply Depot  
  44  4:49  Marine x2  
  44  4:52  SCV x2  
  48  4:55  SCV  
  49  5:00  Supply Depot  
  49  5:04  SCV x2  
  52  5:07  SCV, Supply Depot, Marine x2  
  52  5:08  Marine  
  55  5:16  SCV x2  
  55  5:19  SCV  
  55  5:21  Medivac x2  
  62  5:24  Refinery  
  62  5:25  Marine  
  62  5:28  Marine x2, SCV x2  
  65  5:31  SCV  
  65  5:34  Factory Reactor  
  68  5:37  Barracks, Refinery  
  68  5:43  Marine  
  68  5:44  Engineering Bay, SCV  
  68  5:45  Engineering Bay, SCV, Orbital Command  
  71  5:50  Marine x2  
  71  5:51  Supply Depot  
  73  5:57  SCV  
  73  5:58  SCV, Supply Depot  
  73  6:01  Marine  
  73  6:02  Starport Reactor  
  76  6:08  Marine  
  76  6:09  SCV  
  76  6:10  SCV  
  77  6:13  SCV  
  77  6:16  Combat Shield  
  77  6:17  Marauder  
  74  6:18  Marine  
  74  6:22  SCV x2  
  74  6:25  SCV  
  74  6:26  Marine  
  68  6:34  SCV  
  68  6:36  Marine  
  68  6:37  Terran Infantry Armor Level 1, Terran Infantry Weapons Level 1  
  67  6:40  SCV x2  
  67  6:45  Factory Tech Lab  
  67  6:46  SCV  
  63  6:49  Marine  
  63  6:51  Marine  
  63  6:52  SCV x2  
  61  6:57  Marine  
  61  6:58  SCV  
  59  7:03  Marine  
  59  7:04  Marine, SCV x2  
  62  7:10  SCV, Marine x2  
  62  7:15  Marine  
  64  7:16  SCV x2  
  64  7:18  Siege Tank  
  64  7:22  SCV  
  70  7:26  Supply Depot, Marine x2  
  70  7:28  Marine x2, SCV x2  
  76  7:33  Marine  
  76  7:34  SCV  
  78  7:40  SCV x2  
  78  7:42  Supply Depot  
  80  7:44  Marine x2, Medivac  
  80  7:45  Medivac  
  80  7:46  Marine  
  80  7:47  Marine, SCV  
  80  7:50  Siege Tank  
  80  7:51  Marine  
  91  7:52  SCV x2  
  91  7:55  Barracks x2  
  94  7:58  Armory  
  94  8:00  SCV  
  94  8:04  SCV  
  94  8:05  SCV, Supply Depot  
  97  8:07  Marine x3  
  97  8:10  Marine x2  
  102  8:15  SCV  
  102  8:16  Supply Depot  
  103  8:25  Supply Depot  
  103  8:26  Supply Depot, Marine x2, SCV x2, Siege Tank  
  110  8:29  SCV  
  111  8:38  Marine x3, Medivac x2, SCV  
  117  8:41  Marine  
  117  8:42  Marine x2  
  117  8:44  Marine x2  
  117  8:47  SCV x2  
  124  8:51  SCV  
  118  8:55  Marine x2  
  118  8:57  Marine  
  118  8:58  Siege Tank  
  118  8:59  Marine x2, SCV x2  
  118  9:02  Marine x2  
  128  9:03  Barracks Reactor  
  122  9:11  SCV  
  122  9:13  Terran Infantry Weapons Level 2, Terran Infantry Armor Level 2, Marine x2  
  122  9:15  Marine  
  122  9:16  Supply Depot  
  125  9:17  Marine x2  
  125  9:20  Marine  
  128  9:29  Marine  
  128  9:31  Marine x2, Medivac  
  128  9:32  Medivac, Marine  
  128  9:35  Marine  
  128  9:37  Marine  
  141  9:45  Marine x2  
  142  9:47  Marine  
  142  9:49  Marine  
  142  9:50  Marine  
  142  9:52  Command Center  
  140  9:53  Marine  
  140  9:54  Marine  
  137  10:02  Concussive Shells  
  137  10:03  Marauder, Marine x2, Widow Mine  
  137  10:04  Widow Mine  
  137  10:05  Barracks, Medivac  
  137  10:06  Barracks x2  
  147  10:07  Marauder  
  147  10:08  Medivac  
  147  10:11  Supply Depot  
  147  10:12  Supply Depot  
  151  10:18  Terran Vehicle And Ship Armor Level 1  
  139  10:24  Marauder  
  141  10:29  Marauder  
  141  10:31  Widow Mine x2  
  141  10:34  SCV  
  141  10:35  SCV x2, Medivac  
  152  10:36  Marine x2, Refinery  
  143  10:45  Marauder  
  143  10:47  SCV x3  
  127  10:50  Marauder, Marine x2  
  127  10:56  Barracks Reactor, Barracks Tech Lab  
  125  10:57  Barracks Tech Lab  
  125  10:59  Marine x2, SCV x2  
  125  11:00  SCV  
  125  11:01  Marine x2  
  129  11:07  Marauder  
  129  11:11  Widow Mine x2, Marine  
  133  11:12  Marine x2  
  133  11:14  SCV x3  
  133  11:18  Marauder x2  
  143  11:20  Marine x4  
  147  11:28  Marine  
  147  11:29  Marine x2  
  147  11:30  Marauder  
  152  11:33  Marine x2  
  152  11:36  Supply Depot x2  
  152  11:38  Marine x4  
  152  11:39  Marauder x2  
  162  11:43  Terran Infantry Weapons Level 3  
  162  11:46  Marauder  
  164  11:50  Marine  
  164  11:51  Marine  
  164  11:52  Marauder, Marine x2  
  156  11:57  Widow Mine x2  
  156  12:00  Terran Infantry Armor Level 3  
  160  12:02  Planetary Fortress  
  160  12:11  Marauder x3  
  166  12:17  Factory, Marauder  
  166  12:19  Widow Mine x2  
  167  12:24  Liberator  
  170  12:32  Marauder  
  170  12:35  Marine  
  173  12:37  Marine  
  173  12:41  Marauder x2, Marine x3  
  173  12:42  Marine x2  
  173  12:44  Marauder  
  177  12:46  Marine  
  166  12:53  Marine  
  166  12:54  Marauder  
  166  12:55  Widow Mine x2, Marine  
  166  12:57  Medivac  
  173  12:58  Marine  
  173  12:59  Marine x2  
  173  13:02  Marine x2, Marauder  
  173  13:04  Marine x2  
  165  13:06  Marine  
  165  13:07  Medivac  
  165  13:11  Marine  
  164  13:13  Marine  
  164  13:15  Marine, Command Center, Factory Tech Lab  
  164  13:18  Marine x2  
  164  13:20  Marine x2  
  164  13:21  Marine  
  165  13:29  Marine, Marauder x2  
  165  13:32  Marauder, Marine  
  170  13:37  Marine x3  
  170  13:39  Marauder  
  173  13:45  Liberator x2  
  164  13:48  Drilling Claws  
  164  13:49  Ghost Academy  
  164  13:50  Widow Mine x2, Marauder  
  164  13:54  Marine x3, Marauder  
  164  13:55  Marauder  
  175  14:01  Marine x3, Marauder  
  163  14:08  Widow Mine, Reaper x2  
  165  14:11  Widow Mine, Marauder  
  165  14:13  Marine  
  165  14:16  Marauder x2  
  174  14:19  Marine x2  
  174  14:22  Marauder  
  178  14:27  Marine x2  
  180  14:33  Marauder  
  180  14:34  Liberator x2  
  180  14:36  Widow Mine  
  180  14:37  Widow Mine, Marauder x2  
  196  14:44  Marauder  
  196  14:45  SCV x3  
  200  15:11  Command Center  
Show
View Real Time Build Order
Export as new Build Order

Shino Zerg 

Build Orders: Hatch First 

Get SALT Encoding   

  8  0:00  Drone  
  9  0:10  Drone  
  10  0:16  Drone  
  11  0:28  Overlord  
  11  0:33  Drone  
  12  0:46  Drone x2  
  14  0:50  Drone  
  15  1:12  Hatchery  
  15  1:16  Drone  
  15  1:19  Drone  
  15  1:23  Drone  
  17  1:38  Spawning Pool  
  16  1:42  Drone  
  16  1:45  Extractor  
  16  1:49  Drone  
  16  1:51  Drone  
  18  2:00  Drone  
  19  2:12  Drone  
  20  2:19  Overlord  
  20  2:25  Queen  
  20  2:27  Queen  
  24  2:38  Zergling x4  
  24  2:39  Drone  
  24  2:40  Drone  
  28  2:46  Extractor  
  28  2:48  Drone  
  29  2:51  Drone  
  29  2:54  Drone  
  29  2:56  Extractor  
  29  3:00  Drone  
  30  3:12  Lair, Overlord  
  31  3:17  Drone  
  32  3:23  Overlord  
  32  3:30  Drone  
  32  3:33  Drone x2  
  35  3:38  Drone  
  35  3:39  Drone x3  
  39  3:47  Roach Warren  
  39  3:48  Drone  
  39  3:52  Drone  
  39  3:55  Queen  
  42  4:01  Overlord  
  43  4:02  Drone  
  43  4:03  Drone  
  43  4:05  Drone  
  43  4:09  Drone  
  46  4:11  Extractor, Drone  
  46  4:12  Drone, Extractor  
  46  4:14  Drone  
  47  4:22  Drone  
  47  4:23  Drone x2  
  50  4:27  Overlord  
  50  4:34  Glial Reconstitution  
  50  4:37  Overlord  
  50  4:44  Hatchery  
  49  4:46  Roach x2  
  49  4:51  Evolution Chamber, Overseer  
  52  4:53  Drone  
  52  4:54  Roach  
  52  4:57  Roach  
  57  5:00  Roach  
  57  5:04  Roach x2  
  63  5:10  Roach x2  
  63  5:14  Overlord  
  67  5:16  Zerg Ground Armor Level 1  
  67  5:18  Roach  
  69  5:22  Roach  
  69  5:26  Overlord  
  71  5:35  Overlord  
  71  5:36  Roach x3  
  71  5:40  Roach  
  79  5:44  Roach  
  79  5:45  Roach  
  79  5:49  Roach x2  
  87  5:54  Roach x2  
  87  5:57  Roach x2  
  93  6:03  Overlord  
  94  6:13  Overlord  
  94  6:14  Overlord  
  94  6:23  Drone, Overlord  
  91  6:26  Drone  
  91  6:27  Drone x7  
  91  6:28  Drone  
  100  6:32  Drone  
  100  6:33  Drone, Ravager x2  
  100  6:34  Drone, Ravager  
  99  6:41  Drone x3  
  99  6:45  Drone x2  
  92  6:51  Drone  
  92  6:52  Drone x3  
  87  6:58  Infestation Pit  
  74  7:04  Roach x5  
  74  7:07  Extractor  
  74  7:08  Extractor  
  80  7:13  Roach x2  
  80  7:14  Roach  
  84  7:18  Roach x4  
  84  7:19  Roach  
  92  7:25  Hatchery  
  92  7:31  Overlord  
  92  7:33  Drone  
  92  7:36  Zerg Ground Armor Level 2  
  93  7:38  Roach x4  
  93  7:40  Overlord  
  101  7:46  Spore Crawler  
  101  7:50  Drone x4  
  104  7:51  Extractor  
  104  7:55  Hive  
  104  7:56  Drone x3  
  104  7:58  Metabolic Boost, Extractor  
  106  8:04  Overlord  
  105  8:09  Drone  
  106  8:13  Queen, Overlord  
  106  8:14  Drone x2  
  106  8:17  Overlord  
  106  8:18  Roach x2  
  114  8:24  Roach  
  114  8:25  Roach x3  
  122  8:29  Overlord x2  
  122  8:36  Evolution Chamber  
  122  8:37  Overlord  
  122  8:38  Baneling Nest  
  120  8:45  Roach x5  
  130  8:54  Drone x2  
  128  8:59  Overlord  
  128  9:09  Ultralisk Cavern  
  119  9:10  Zerg Melee Weapons Level 1  
  119  9:11  Zergling x2  
  119  9:13  Zergling x2  
  119  9:14  Zergling x4  
  119  9:15  Zergling x14  
  119  9:16  Ravager  
  119  9:17  Hatchery  
  126  9:30  Overlord  
  124  9:34  Infestor x3  
  124  9:36  Ravager x3  
  133  9:39  Drone  
  125  9:55  Chitinous Plating  
  125  10:02  Drone x2  
  125  10:03  Drone x4  
  125  10:04  Zergling x14  
  138  10:08  Ultralisk  
  143  10:21  Roach x6  
  147  10:24  Ravager  
  144  10:36  Roach x7  
  108  10:53  Ultralisk  
  108  10:54  Drone x2  
  108  10:55  Drone x3  
  108  10:57  Drone x2  
  111  10:59  Drone x5, Queen  
  119  11:05  Ravager x2  
  119  11:07  Spore Crawler  
  120  11:14  Drone x8  
  126  11:20  Queen  
  126  11:21  Overseer  
  126  11:27  Ultralisk  
  126  11:29  Infestor  
  134  11:34  Zergling x2  
  134  11:35  Zergling x6  
  134  11:37  Extractor  
  134  11:38  Drone x3  
  140  11:42  Roach x2  
  144  11:51  Ultralisk  
  142  11:55  Drone  
  142  11:56  Drone x3  
  142  12:00  Extractor  
  145  12:03  Zergling x2  
  145  12:04  Zergling x10  
  151  12:09  Zergling x2  
  151  12:10  Zergling x8, Hatchery  
  154  12:16  Ultralisk  
  154  12:21  Spore Crawler  
  157  12:23  Zergling x14  
  164  12:31  Zergling x2  
  164  12:32  Zergling x12  
  164  12:35  Anabolic Synthesis  
  160  12:38  Infestor  
  160  12:39  Infestor  
  154  12:47  Ultralisk  
  154  12:50  Zergling x8  
  141  13:02  Drone x3  
  141  13:03  Ultralisk  
  136  13:08  Ultralisk  
  140  13:16  Zergling x20  
  144  13:23  Baneling Nest  
  143  13:28  Zergling x16  
  149  13:35  Ultralisk  
  149  13:36  Zergling x4  
  154  13:46  Ultralisk  
  158  13:52  Zergling x12  
  155  13:58  Infestor x2  
  151  14:06  Zergling x6, Queen  
  151  14:07  Queen  
  157  14:19  Drone x2  
  158  14:28  Zergling x18  
  163  14:50  Roach x6  
  156  15:04  Ravager  
  156  15:05  Ravager x5  
Tags
 
Add a new tag
Caveats
  • Supply blocks, unpowered buildings, or Contaminate may cause inaccurate times.
  • Supply counts are checked every 10 seconds.